AoeStats
← Malcolm Little

Hill Fort

506983979Analyzed
3v3 RM · 16d ago on Sep 16, 2026· 42m 55s· 6 players
Game mode
Random Map
Map size
Normal (6 player)
Population
200
Speed
Normal
Resources
Standard
Victory
Conquest
Starting age
Dark Age
Ending age
Imperial Age
RankedLock teamsTeams togetherTeam positionsShared explorationLock speedFull tech treeHidden civsTurbo modeCheats
Victory
Defeat
🇺🇸 Italians · United States
1321
+12
🇲🇽 Vietnamese · Mexico
1278
+13
🇦🇺 Hindustanis · Australia
1224
+15
🇩🇴 Persians · Dominican Republic
1351
-18
🇲🇽 Spanish · Mexico
1207
-13
🇻🇪 Slavs · Venezuela
1090
-19
[CL]TrunicC
10:40 Feudal Age
16:14 Castle Age
15:01 Loom
15:06 Double-Bit Axe
15:26 Stone Mining
15:37 Gold Mining
18:02 Wheelbarrow
17:44 Bow Saw
22:11 Fletching
29:49 Imperial Age
28:07 Hand Cart
28:36 Bodkin Arrow
29:19 Ballistics
29:32 Padded Archer Armor
30:36 Bracer
32:30 Leather Archer Armor
34:46 Chemistry
36:43 Two-Man Saw
36:16 Thumb Ring
36:26 Pikeman
36:44 Elite Skirmisher
38:06 Ring Archer Armor
38:10 Imperial Skirmisher
40:29 Forging
40:20 Scale Mail Armor
43:07 Chain Mail Armor
bailey
10:37 Feudal Age
11:59 Horse Collar
12:28 Loom
12:50 Double-Bit Axe
15:05 Castle Age
16:20 Bow Saw
19:30 Fletching
20:37 Horse Collar
23:01 Bodkin Arrow
24:25 Padded Archer Armor
29:45 Wheelbarrow
29:56 Bloodlines
29:47 Husbandry
34:09 Imperial Age
32:21 Heavy Plow
32:45 Leather Archer Armor
33:32 Hand Cart
33:43 Bloodlines
33:34 Husbandry
34:11 Gold Mining
34:11 Stone Mining
34:27 Elite Genoese Crossbowman
35:41 Conscription
35:51 Ballistics
36:20 Crop Rotation
36:57 Two-Man Saw
36:11 Bracer
38:25 Chemistry
37:08 Treadmill Crane
38:23 Ring Archer Armor
38:43 Scale Barding Armor
38:48 Forging
38:44 Town Watch
41:59 Pirotechnia
42:41 Chain Barding Armor
42:57 Iron Casting
44:08 Plate Barding Armor
Grug
8:22 Loom
10:47 Feudal Age
17:32 Castle Age
15:33 Loom
16:48 Double-Bit Axe
17:45 Scale Barding Armor
17:44 Horse Collar
18:27 Husbandry
19:10 Town Watch
21:21 Gold Mining
21:43 Bow Saw
23:08 Bloodlines
23:40 Wheelbarrow
24:00 Sanctity
25:37 Light Cavalry
26:14 Stone Mining
27:34 Hand Cart
28:46 Gold Shaft Mining
29:04 Heavy Plow
32:05 Imperial Age
31:08 Forging
31:20 Masonry
31:20 Fletching
33:05 Iron Casting
32:56 Heavy Camel Rider
35:11 Conscription
36:17 Chain Barding Armor
37:45 Imperial Camel Rider
40:16 Two-Man Saw
39:40 Hussar
manuelarturo1997
9:11 Loom
11:17 Feudal Age
17:18 Castle Age
24:20 Horse Collar
25:40 Double-Bit Axe
28:02 Wheelbarrow
29:40 Husbandry
29:50 Bloodlines
33:25 Imperial Age
30:52 Town Watch
33:17 Hand Cart
33:33 Gold Mining
33:33 Stone Mining
34:31 Conscription
35:26 Fletching
35:41 Scale Barding Armor
35:07 Cavalier
35:07 Light Cavalry
37:08 Forging
38:59 Padded Archer Armor
40:54 Chain Barding Armor
41:47 Supremacy
Malcolm Little
10:37 Feudal Age
16:19 Castle Age
15:01 Double-Bit Axe
15:30 Scale Barding Armor
18:24 Gold Mining
22:25 Wheelbarrow
21:37 Loom
23:38 Bloodlines
23:59 Town Watch
27:26 Gold Shaft Mining
27:10 Horse Collar
29:22 Heavy Plow
32:17 Imperial Age
30:29 Chain Barding Armor
30:25 Stone Mining
30:50 Bow Saw
31:02 Fletching
31:12 Padded Archer Armor
31:16 Elite Skirmisher
32:54 Hand Cart
33:32 Bodkin Arrow
34:39 Chemistry
35:48 Ballistics
35:59 Conscription
37:28 Leather Archer Armor
39:13 Ring Archer Armor
FIDELELGRANDE
11:14 Feudal Age
17:50 Castle Age
15:47 Double-Bit Axe
15:58 Horse Collar
16:54 Stone Mining
18:47 Bow Saw
18:41 Heavy Plow
18:58 Gold Mining
24:28 Loom
25:20 Wheelbarrow
24:38 Loom
26:10 Gold Shaft Mining
26:56 Hand Cart
30:59 Forging
30:55 Scale Barding Armor
32:15 Iron Casting
33:30 Chain Barding Armor
37:08 Imperial Age
34:25 Town Watch
35:02 Detinets
36:03 Fletching
36:13 Padded Archer Armor
36:45 Bodkin Arrow
36:50 Padded Archer Armor
38:28 Conscription
38:39 Pikeman
39:19 Squires
39:35 Halberdier
40:31 Leather Archer Armor
41:17 Blast Furnace
40:17 Scale Mail Armor
40:52 Plate Barding Armor
40:00 Elite Boyar
41:01 Conscription
40:43 Druzhina
Connection lost

Rejoining the realm…

Still unreachable

The connection could not be restored.

Session expired

The server has moved on; the page needs a fresh start.